 Dungeon Crawl Stone Soup version 0.21-a0-552-g593960d (webtiles) character file.

4 tidbits the Caller (level 1, -6/13 HPs)
             Began as a Gnoll Summoner on Dec 17, 2017.
             Mangled by a gnoll
             ... wielding a +0 halberd
              (7 damage)
             ... on level 3 of the Dungeon.
             The game lasted 00:01:38 (191 turns).

tidbits the Caller (Gnoll Summoner)                  Turns: 191, Time: 00:01:39

Health: -6/13      AC:  2    Str: 10    XL:     1   Next: 70%
Magic:  6/6        EV: 14    Int: 17    God:
Gold:   44         SH:  0    Dex: 15    Spells: 8/9 levels left

rFire    . . .     SeeInvis .   a - +0 spear
rCold    . . .     Gourm    .   (no shield)
rNeg     . . .     Faith    .   e - +0 robe
rPois    .         Spirit   .   (no helmet)
rElec    .         Reflect  .   (no cloak)
rCorr    .         Harm     .   (no gloves)
MR       .....                  (no boots)
Stlth    +++.......             (no amulet)
HPRegen  0.04/turn              (no ring)
MPRegen  0.10/turn              (no ring)

@: no status effects
A: distributed training, fangs 1, strong nose
a: no special abilities


You were on level 3 of the Dungeon.
You were not hungry.

You visited 1 branch of the dungeon, and saw 3 of its levels.

You collected 44 gold pieces.

Inventory:

Hand Weapons
 a - a +0 spear (weapon)
Missiles
 d - 5 arrows
Armour
 e - a +0 robe (worn)
 f - a +0 ring mail
Potions
 g - a potion of curing
Books
 b - a book of Callings

   Spells                             Type                      Level
   a - Summon Small Mammal            Summoning                    1
   b - Call Imp                       Summoning                    2
   c - Call Canine Familiar           Summoning                    3
   d - Summon Guardian Golem          Hexes/Summoning              3
   e - Summon Lightning Spire         Summoning/Air                4
   f - Summon Ice Beast               Ice/Summoning                4
Comestibles
 c - a bread ration


   Skills:
 + Level 0.1 Fighting
 + Level 0.1 Short Blades
 + Level 0.1 Long Blades
 + Level 0.1 Axes
 + Level 0.1 Maces & Flails
 + Level 0.1 Polearms
 + Level 0.1 Staves
 + Level 0.1 Slings
 + Level 0.1 Bows
 + Level 0.1 Crossbows
 + Level 0.1 Throwing
 + Level 0.1 Armour
 + Level 4.4 Dodging
 + Level 4.0 Stealth
 + Level 0.1 Shields
 + Level 0.1 Unarmed Combat
 + Level 4.9 Spellcasting
 + Level 0.1 Conjurations
 + Level 0.1 Hexes
 + Level 0.1 Charms
 + Level 7.0 Summonings
 + Level 0.1 Necromancy
 + Level 0.1 Translocations
 + Level 0.1 Transmutations
 + Level 0.1 Fire Magic
 + Level 0.1 Ice Magic
 + Level 0.1 Air Magic
 + Level 0.1 Earth Magic
 + Level 0.1 Poison Magic
 + Level 0.2 Invocations
 + Level 0.1 Evocations


You had 8 spell levels left.
You knew the following spells:

 Your Spells              Type           Power        Failure   Level  Hunger
a - Summon Small Mammal   Summ           ####         1%          1    None


Dungeon Overview and Level Annotations

Branches:
Dungeon (3/15)

Altars:


Innate Abilities, Weirdness & Mutations

Your experience applies equally to all skills.
You have very sharp teeth.
Your uncanny sense of smell can sniff out nearby items.


Message History

Casting: Summon Small Mammal
Confirm with . or Enter, or press ? or * to list all spells.
Your bat hits the worm but does no damage.
Casting: Summon Small Mammal
Confirm with . or Enter, or press ? or * to list all spells.
Your bat hits the worm but does no damage.
Your bat hits the worm. The worm barely misses your bat.
Your bat hits the worm.
Your bat barely misses the worm.
Attack whom?
Press: ? - help, Dir - move target cursor, f - worm
Aim: a worm You reach to attack!
You hit the worm.
The worm is moderately wounded.
Your bat barely misses the worm.
Your quokka bites the worm.
You hit the worm but do no damage.
The worm is moderately wounded.
Your bat hits the worm but does no damage.
Your quokka barely misses the worm.
The worm misses you.
Your quokka bites the worm.
You barely miss the worm.
The worm is moderately wounded.
Your quokka bites the worm.
Your bat hits the worm. You barely miss the worm. Your bite misses the worm.
The worm is heavily wounded.
Your bat hits the worm.
Your quokka bites the worm.
The worm misses you.
You hit the worm.
The worm is severely wounded.
Your quokka barely misses the worm.
Your bat hits the worm.
Your quokka bites the worm.
The worm dies!
You see here a worm corpse.
i - a scroll labeled FEGANY VILOWK
Found 9 gold pieces.
Found a stone staircase leading down.
Found a hand axe.
A hobgoblin comes into view. It is wielding a club.
Found 16 stones and a golden potion.
A dart slug comes into view.
Your quokka disappears in a puff of smoke!
Found 12 gold pieces.
You see here 9 gold pieces.
You now have 44 gold pieces (gained 9).
Casting: Summon Small Mammal
Confirm with . or Enter, or press ? or * to list all spells.
The dart slug launches a dart at you. The slug dart hits you!
The dart slug launches a dart at you. The slug dart misses you.
There is a stone staircase leading down here.
Casting: Summon Small Mammal
Confirm with . or Enter, or press ? or * to list all spells.
Your bat hits the dart slug.
The hobgoblin shouts!
Your bat hits the dart slug but does no damage.
The dart slug bites your rat.
Your rat dies!
Your rat's corpse disappears in a puff of smoke!
Your bat hits the dart slug. You hit the hobgoblin but do no damage.
Your bat hits the dart slug but does no damage.
The hobgoblin hits you with a club.
* * * LOW HITPOINT WARNING * * *
Your bat hits the dart slug but does no damage.
Your bat hits the dart slug but does no damage.
Your rat barely misses the hobgoblin.
There is a stone staircase leading down here.
Your bat hits the dart slug but does no damage.
Your bat hits the dart slug. The hobgoblin hits you with a club.
* * * LOW HITPOINT WARNING * * *
Your rat bites the hobgoblin but does no damage.
You climb downwards.
Your summoned ally is left behind.
A gnoll and a kobold come into view.
Found a scroll labeled TOSMEC HI VUPN.
Found a stone staircase leading down.
There is a stone staircase leading up here.
A gnoll and a dart slug come into view.
The gnoll shouts!
The kobold shouts!
You hear a shout!
The kobold closely misses you.
A gnoll comes into view. It is wielding a whip.
A gnoll comes into view. It is wielding a halberd.
The gnoll shouts! x2
Found a club.
The gnoll shouts!
Okay, then.
As you read the scroll labeled CUOFIF XEZAMAN, it crumbles to dust.
The creatures around you are filled with an inner flame!
It was a scroll of immolation.
The hobgoblin misses you. The dart slug launches a dart at you.
The slug dart misses you.
As you read the scroll labeled FEGANY VILOWK, it crumbles to dust.
It is a scroll of identify.
g - a potion of curing The hobgoblin closely misses you.
The kobold closely misses you. The dart slug bites you.
* * * LOW HITPOINT WARNING * * *
You closely miss the gnoll. The gnoll hits you with a whip.
* * * LOW HITPOINT WARNING * * *
The gnoll hits you with a halberd!
Ouch! That really hurt!
You die...

..........# ∆
.........<#
..........#
#.........#
###.........#
...?......##
#.........#
#gg.......#
#@ggw.....#
#.K.......#
#.g.......#
##)......##
##.....##
#######


You could see 4 gnolls, a dart slug (inner flame), a hobgoblin (inner flame) and
a kobold (inner flame).

Vanquished Creatures
  A bat (D:1)
1 creature vanquished.

Vanquished Creatures (collateral kills)
  A worm (D:2)
  A dart slug (D:1)
  A giant cockroach (D:1)
3 creatures vanquished.

Grand Total: 4 creatures vanquished

Notes
Turn   | Place    | Note
-------+----------+-------------------------------------------
     0 | D:1      | tidbits the Gnoll Summoner began the quest for the Orb.
     0 | D:1      | Reached XP level 1. HP: 13/13 MP: 6/6
   191 | D:3      | HP: 1/13 [gnoll/whip (1)]
   191 | D:3      | Mangled by a gnoll

Vault maps used:
D:1:      dpeg_arrival_boxorama
D:2:      uniq_jessica
D:3:      cheibrodos_thug_alley, kiku_gazebo_pond_becter,
          dancing_weapons_uskayaw, serial_bayou, serial_bayou_lagoon_b,
          serial_bayou_pond_e, serial_bayou_pond_b, serial_bayou_pond_d,
          first_bread, xom_teletrap_fun

Action                   || total
-------------------------++-------
Melee: Spear             ||     8
       Unarmed           ||     1
 Cast: Summon Small Mamm ||     6
  Use: Scroll            ||     2
 Stab: Sleeping          ||     1
Dodge: Dodged            ||    11

Table legend:
 A = Spawn XP
 B = Non-spawn XP
 C = Spawn XP percentage of total XP
 D = Spawn monster count
 E = Non-spawn monster count
 F = Spawn count percentage of total count
 G = Total turns spent on level
                    A         B        C        D         E        F      G
               +---------+---------+-------+---------+---------+-------+---------
         Total |       0 |       7 |   0.0 |       0 |       4 |   0.0 |   191
               +---------+---------+-------+---------+---------+-------+---------
           D:1 |       0 |       4 |   0.0 |       0 |       3 |   0.0 |   109
           D:2 |       0 |       3 |   0.0 |       0 |       1 |   0.0 |    66
               +---------+---------+-------+---------+---------+-------+---------

Table legend:
 A = Turns spent in this place as a percentage of turns spent in the entire game.
 B = Non-inter-level travel turns spent in this place as a percentage of non-inter-level travel turns spent in the entire game.
 C = Inter-level travel turns spent in this place as a percentage of turns spent in this place.
 D = Turns resting spent in this place as a percentage of non-inter-level travel turns spent in this place.
 E = Turns spent auto-exploring this place as a percentage of non-inter-level travel turns spent in this place.
 F = Non-inter-level travel turns spent in this place divided by the number of levels of this place that you've seen.
                   A       B       C       D       E      F
               +-------+-------+-------+-------+-------+----------------------
         Total | 100.0 | 100.0 |   0.0 |   0.0 |   0.0 |  63.7
       Dungeon | 100.0 | 100.0 |   0.0 |   0.0 |   0.0 |  63.7
               +-------+-------+-------+-------+-------+----------------------

Table legend:
 A = Kills in this place as a percentage of kills in entire the game.
 B = Kills by you in this place as a percentage of kills by you in the entire game.
 C = Kills by friends in this place as a percentage of kills by friends in the entire game.
 D = Other kills in this place as a percentage of other kills in the entire game.
 E = Experience gained in this place as a percentage of experience gained in the entire game.
 F = Experience gained in this place divided by the number of levels of this place that you have seen.
                   A       B       C       D       E      F
               +-------+-------+-------+-------+-------+----------------------
         Total | 100.0 | 100.0 | 100.0 |   N/A | 100.0 |   2.3
       Dungeon | 100.0 | 100.0 | 100.0 |   N/A | 100.0 |   2.3
               +-------+-------+-------+-------+-------+----------------------

Vault maps used:
D:1:      dpeg_arrival_boxorama
D:2:      uniq_jessica
D:3:      cheibrodos_thug_alley, kiku_gazebo_pond_becter,
          dancing_weapons_uskayaw, serial_bayou, serial_bayou_lagoon_b,
          serial_bayou_pond_e, serial_bayou_pond_b, serial_bayou_pond_d,
          first_bread, xom_teletrap_fun
